AoeStats
← Shredded_Pork

Fortress

509284199Analyzed
4v4 RM · 6d ago on Sep 26, 2026· 16m 45s· 8 players
Game mode
Random Map
Map size
Huge
Population
200
Speed
Normal
Resources
Standard
Victory
Conquest
Starting age
Dark Age
Ending age
Imperial Age
RankedLock teamsTeams togetherTeam positionsShared explorationLock speedFull tech treeHidden civsTurbo modeCheats
Victory
Defeat
🇺🇸 Cumans · United States
766
+18
🇺🇸 Magyars · United States
721
+19
🇺🇸 Armenians · United States
703
+20
🇺🇸 Huns · United States
649
+25
🇨🇿 Italians · Czechia
855
-22
🇺🇸 Vikings · United States
826
-21
🇨🇱 Turks · Chile
775
-35
🇨🇳 Spanish · China
716
-17
Nick
7:02 Feudal Age
8:11 Double-Bit Axe
16:57 Castle Age
15:34 Horse Collar
16:55 Scale Barding Armor
kamos61
1:19 Loom
8:32 Feudal Age
9:59 Horse Collar
10:10 Double-Bit Axe
13:13 Castle Age
12:27 Wheelbarrow
11:48 Fletching
12:41 Padded Archer Armor
14:19 Bodkin Arrow
14:59 Bow Saw
Shredded_Pork
7:58 Feudal Age
8:35 Horse Collar
8:42 Double-Bit Axe
14:29 Castle Age
15:14 Heavy Plow
15:27 Bow Saw
oxrollin
1:22 Loom
8:51 Feudal Age
10:01 Double-Bit Axe
10:00 Horse Collar
14:36 Castle Age
16:02 Heavy Plow
PapaSnackz
8:30 Feudal Age
9:51 Wheelbarrow
9:21 Man-at-Arms
10:49 Long Swordsman
11:57 Arson
12:19 Gold Mining
12:49 Forging
13:23 Scale Mail Armor
14:56 Double-Bit Axe
elijamesleon2
0:54 Loom
9:55 Feudal Age
13:37 Bloodlines
15:21 Wheelbarrow
17:11 Scale Barding Armor
17:18 Forging
WavyRackz
0:43 Loom
4:10 Loom
7:28 Feudal Age
9:28 Wheelbarrow
8:43 Double-Bit Axe
13:01 Gold Mining
ZaddyStacks
0:30 Loom
6:07 Feudal Age
7:27 Wheelbarrow
6:33 Horse Collar
Connection lost

Rejoining the realm…

Still unreachable

The connection could not be restored.

Session expired

The server has moved on; the page needs a fresh start.